 Dungeon Crawl Stone Soup version 0.17-a0-1921-g56e792d (webtiles) character file.

25 tablen the Skirmisher (level 3, 0/37 HPs)
             Began as a Naga Wanderer on Sept 27, 2015.
             Slain by a worm (4 damage)
             ... on level 2 of the Dungeon.
             The game lasted 00:06:54 (782 turns).

tablen the Skirmisher (Naga Wanderer)                Turns: 782, Time: 00:06:54

Health: 0/37       AC:  6    Str: 12    XL:     3   Next: 4%
Magic:  12/12      EV:  7    Int: 13    God:
Gold:   64         SH:  0    Dex: 12    Spells: 0 memorised, 2 levels left

rFire  . . .     SeeInvis +     b - +0 spear
rCold  . . .     Clarity  .     a - +2 scale mail
rNeg   + . .     SustAt   .     (no shield)
rPois  +         Gourm    .     (no helmet)
rElec  .         Spirit   .     (no cloak)
rCorr  .         Warding  +     (no gloves)
rMut   .         Stasis   .     (no barding)
MR     .....                    l - amulet of warding
Stlth  ..........               (no ring)
                                i - ring of magical power

@: very slow, not resistant to hostile enchantments, extremely unstealthy
A: see invisible, deformed body, poison resistance, slowness 2, slow metabolism
1, spit poison 2, AC +1
a: Spit Poison


You were on level 2 of the Dungeon.
You were not hungry.

You visited 1 branch of the dungeon, and saw 2 of its levels.

You collected 64 gold pieces.

Inventory:

Hand weapons
 b - a +0 spear (weapon)
 g - a +0 spear
Missiles
 c - 8 curare-tipped needles
 n - 7 needles of sleeping
Armour
 a - a +2 scale mail (worn)
Jewellery
 i - a ring of magical power (left hand)
 l - an amulet of warding (around neck)
Scrolls
 e - a scroll of remove curse {unknown}
 f - a scroll of teleportation {unknown}
 h - a scroll of magic mapping {unknown}
 j - a scroll of enchant armour {unknown}
 k - a scroll of noise {unknown}
Comestibles
 d - a bread ration
 m - a meat ration


   Skills:
 * Level 4.7 Fighting
 * Level 0.2 Polearms
 - Level 1.0 Throwing
 - Level 1.5 Armour
 - Level 1.5 Dodging
 * Level 1.4 Stealth
   Level 1.0 Evocations


You had 2 spell levels left.
You didn't know any spells.

Dungeon Overview and Level Annotations

Branches:
Dungeon (2/15)

Altars:


Innate Abilities, Weirdness & Mutations

You cannot wear boots.
Your serpentine skin is tough (AC +1).
You have supernaturally acute eyesight.
Armour fits poorly on your strangely shaped body.
Your system is resistant to poisons.
You cover ground very slowly.
You have a slow metabolism.
You can spit poison.


Message History

* * * LOW HITPOINT WARNING * * *
You hit the worm but do no damage.
The worm is lightly wounded.
The kobold throws a stone.
The stone barely misses you.
You hit the worm but do no damage.
The worm is lightly wounded.
The kobold throws a stone.
The stone closely misses you. The worm bites you.
* * * LOW HITPOINT WARNING * * *
You hit the worm.
The worm is moderately wounded.
The kobold throws a stone.
The stone hits you but does no damage.
You hit the worm.
The worm is heavily wounded.
The kobold throws a stone.
The stone hits you but does no damage. The worm bites you but does no damage.
You barely miss the worm.
The worm is heavily wounded.
The kobold throws a stone.
The stone hits you but does no damage. The worm bites you.
You die...

# #.#.....#
#.#.#.....#####
#.#.#.#.........#
#.#...#.........#
...........>....#
##......#.K.....#
+......#.#....##
#......#.#...(#
#......#.#.(@.#
#......# #..w(#
#......# #.?..#
#......#.#......
#......#.#.......
#####..#.###......#
##.#.# #......#
######...# ########
+........#


You could see a worm and a kobold.

Vanquished Creatures
  2 oozes
  A worm (D:1)
  2 bats (D:1)
  3 giant cockroaches
  2 goblins (D:1)
  2 hobgoblins
  A kobold (D:1)
  A rat (D:1)
14 creatures vanquished.

Notes
Turn   | Place    | Note
--------------------------------------------------------------
     0 | D:1      | tablen the Naga Wanderer began the quest for the Orb.
     0 | D:1      | tablen set off with: a +2 scale mail, a +0 spear, a potion of curing, a bread ration, a !bad item (cl:100,ty:0,pl:0,pl2:0,sp:0,qu:0), a !bad item (cl:100,ty:0,pl:0,pl2:0,sp:0,qu:0), a !bad item (cl:100,ty:0,pl:0,pl2:0,sp:0,qu:0), a !bad item (cl:100,ty:0,pl:0,pl2:0,sp:0,qu:0), a !bad item (cl:100,ty:0,pl:0,pl2:0,sp:0,qu:0), a !bad item (cl:100,ty:0,pl:0,pl2:0,sp:0,qu:0), a !bad item (cl:100,ty:0,pl:0,pl2:0,sp:0,qu:0), a !bad item (cl:100,ty:0,pl:0,pl2:0,sp:0,qu:0), a !bad item (cl:100,ty:0,pl:0,pl2:0,sp:0,qu:0), a !bad item (cl:100,ty:0,pl:0,pl2:0,sp:0,qu:0), a !bad item (cl:100,ty:0,pl:0,pl2:0,sp:0,qu:0), a !bad item (cl:100,ty:0,pl:0,pl2:0,sp:0,qu:0), a !bad item (cl:100,ty:0,pl:0,pl2:0,sp:0,qu:0), a !bad item (cl:100,ty:0,pl:0,pl2:0,sp:0,qu:0), a !bad item (cl:100,ty:0,pl:0,pl2:0,sp:0,qu:0), a !bad item (cl:100,ty:0,pl:0,pl2:0,sp:0,qu:0), a !bad item (cl:100,ty:0,pl:0,pl2:0,sp:0,qu:0), a !bad item (cl:100,ty:0,pl:0,pl2:0,sp:0,qu:0), a !bad item (cl:100,ty:0,pl:0,pl2:0,sp:0,qu:0), a !bad item (cl:100,ty:0,pl:0,pl2:0,sp:0,qu:0), a !bad item (cl:100,ty:0,pl:0,pl2:0,sp:0,qu:0), a !bad item (cl:100,ty:0,pl:0,pl2:0,sp:0,qu:0), a !bad item (cl:100,ty:0,pl:0,pl2:0,sp:0,qu:0), a !bad item (cl:100,ty:0,pl:0,pl2:0,sp:0,qu:0), a !bad item (cl:100,ty:0,pl:0,pl2:0,sp:0,qu:0), a !bad item (cl:100,ty:0,pl:0,pl2:0,sp:0,qu:0), a !bad item (cl:100,ty:0,pl:0,pl2:0,sp:0,qu:0), a !bad item (cl:100,ty:0,pl:0,pl2:0,sp:0,qu:0), a !bad item (cl:100,ty:0,pl:0,pl2:0,sp:0,qu:0), a !bad item (cl:100,ty:0,pl:0,pl2:0,sp:0,qu:0), a !bad item (cl:100,ty:0,pl:0,pl2:0,sp:0,qu:0), a !bad item (cl:100,ty:0,pl:0,pl2:0,sp:0,qu:0), a !bad item (cl:100,ty:0,pl:0,pl2:0,sp:0,qu:0), a !bad item (cl:100,ty:0,pl:0,pl2:0,sp:0,qu:0), a !bad item (cl:100,ty:0,pl:0,pl2:0,sp:0,qu:0), a !bad item (cl:100,ty:0,pl:0,pl2:0,sp:0,qu:0), a !bad item (cl:100,ty:0,pl:0,pl2:0,sp:0,qu:0), a !bad item (cl:100,ty:0,pl:0,pl2:0,sp:0,qu:0), a !bad item (cl:100,ty:0,pl:0,pl2:0,sp:0,qu:0), a !bad item (cl:100,ty:0,pl:0,pl2:0,sp:0,qu:0), a !bad item (cl:100,ty:0,pl:0,pl2:0,sp:0,qu:0), a !bad item (cl:100,ty:0,pl:0,pl2:0,sp:0,qu:0), a !bad item (cl:100,ty:0,pl:0,pl2:0,sp:0,qu:0), a !bad item (cl:100,ty:0,pl:0,pl2:0,sp:0,qu:0), a !bad item (cl:100,ty:0,pl:0,pl2:0,sp:0,qu:0), a !bad item (cl:100,ty:0,pl:0,pl2:0,sp:0,qu:0), a !bad item (cl:100,ty:0,pl:0,pl2:0,sp:0,qu:0), a !bad item (cl:100,ty:0,pl:0,pl2:0,sp:0,qu:0)
     0 | D:1      | Reached XP level 1. HP: 22/22 MP: 1/1
   297 | D:1      | Reached XP level 2. HP: 25/30 MP: 2/2
   698 | D:1      | You fall through a shaft!
   704 | D:2      | Reached skill level 1 in Stealth
   712 | D:2      | Reached XP level 3. HP: 16/37 MP: 3/3
   782 | D:2      | Slain by a worm

Vault maps used:
D:1:      evilmike_arrival_run_for_it
D:2:      nicolae_dithmenos_through_a_glass_darkly

Action                   || total
-------------------------++-------
Melee: Spear             ||   110
  Use: Potion            ||     3
